 Dungeon Crawl Stone Soup version 0.31-a0-984-gbfb7dba898 (webtiles) character file.

Game seed: 13457597737160684096

15852 BinkBink the Fighter (level 12, -1/79 HPs)
             Began as a Gargoyle Monk on Nov 3, 2023.
             Was a Believer of the Shining One.
             Killed from afar by an acid dragon (12 damage)
             ... with a splash of acid
             ... on level 12 of the Dungeon.
             The game lasted 00:21:06 (10425 turns).

BinkBink the Fighter (Gargoyle Monk)               Turns: 10425, Time: 00:21:10

Health: -1/79      AC: 39    Str: 23    XL:     12   Next: 31%
Magic:  14/14      EV:  9    Int: 11    God:    the Shining One [**....]
Gold:   813        SH: 11    Dex: 15    Spells: 11/11 levels left

rFire   . . .        o - +2 flail (protect)
rCold   + . .        u - +0 kite shield
rNeg    + + .        M - +2 plate armour {rF+}
rPois   ∞            r - +1 helmet
rElec   +            p - +1 cloak
rCorr   .            (no gloves)
SInv    .            G - +1 pair of boots
Will    +....        (no amulet) Stlth
                     k - ring "Riclodi" {Ice rElec Str+3 Dex+3}
HPRegen 0.33/turn    t - ring of willpower
MPRegen 0.14/turn

%: no passive effects
@: under a protective aura, glowing
A: sickness immunity, AC +8, negative energy resistance 1, electricity
resistance, torment resistance 1, petrification resistance
a: Renounce Religion, Divine Shield


You were on level 12 of the Dungeon.
You worshipped the Shining One.
The Shining One was pleased with you.
You visited 2 branches of the dungeon, and saw 13 of its levels.
You also visited: Ossuary.

You collected 813 gold pieces.

Inventory:

Hand Weapons
 h - a +0 heavy whip
 o - a +2 flail of protection (weapon)
Missiles
 I - a throwing net
Armour
 p - a +1 cloak (worn)
 r - a +1 helmet (worn)
 u - a +0 kite shield (worn)
 G - a +1 pair of boots (worn)
 M - a +2 plate armour of fire resistance (worn)
Jewellery
 k - the ring "Riclodi" (left hand) {Ice rElec Str+3 Dex+3}
   (You found it on level 2 of the Dungeon)

   [ring of ice]

   Ice:       It enhances your ice magic.
   Str+3:     It affects your strength (+3).
   Dex+3:     It affects your dexterity (+3).
   rF-:       It makes you vulnerable to fire.
   rC+:       It protects you from cold.
   rElec:     It insulates you from electricity.
 t - a ring of willpower (right hand)
Wands
 b - a wand of mindburst (10)
 m - a wand of polymorph (8)
 F - a wand of quicksilver (7)
Scrolls
 f - 2 scrolls of revelation
 g - 2 scrolls of silence
 i - 4 scrolls of enchant armour
 j - 9 scrolls of teleportation
 l - 3 scrolls of amnesia
 v - 2 scrolls of poison
 w - 4 scrolls of blinking
 y - a scroll of immolation
 C - a scroll of noise
 E - a scroll of enchant weapon
 J - 2 scrolls of vulnerability
Potions
 a - 3 potions of magic
 c - a potion of ambrosia
 d - a potion of resistance {unknown}
 e - 3 potions of cancellation
 q - 3 potions of degeneration
 s - 2 potions of enlightenment {unknown}
 x - 5 potions of curing {unknown}
 z - 3 potions of haste {unknown}
 A - 2 potions of lignification {unknown}
 B - a potion of berserk rage {unknown}
 D - 5 potions of might {unknown}
 H - a potion of mutation {unknown}
 K - 2 potions of invisibility {unknown}
 L - a potion of heal wounds {unknown}


   Skills:
 + Level 10.8 Fighting
 + Level 9.8 Maces & Flails
 + Level 9.0 Armour
 + Level 8.1 Dodging
 + Level 8.2 Shields
 + Level 3.8 Invocations


You had 11 spell levels left.
You didn't know any spells.
Your spell library contained the following spells:

 Spells                   Type           Power      Damage    Failure   Level
 Sandblast                Erth           0%         2d4       100%        1
 Summon Small Mammal      Summ           0%         N/A       100%        1
 Ensorcelled Hibernation  Hex/Ice        0%         N/A       100%        2
 Passwall                 Tmut/Erth      0%         N/A       100%        2
 Call Canine Familiar     Summ           0%         N/A       100%        3
 Stone Arrow              Conj/Erth      0%         3d7       100%        3
 Summon Guardian Golem    Hex/Summ       0%         N/A       100%        3
 Swiftness                Air            0%         N/A       100%        3
 Brom's Barrelling Bould  Conj/Erth      0%         2d3       100%        4
 Vhi's Electric Charge    Tloc/Air       0%         N/A       100%        4
 Arcjolt                  Conj/Air       0%         1d10      100%        5
 Plasma Beam              Fire/Air       0%         2x1d10    100%        6


Dungeon Overview and Level Annotations

Branches:
Dungeon (12/15)            Temple (1/1) D:6            Lair (0/5) D:8
    Orc (0/2) D:11        Ossuary (visited)

Altars:
Ashenzari
Cheibriados
Dithmenos
Elyvilon
Fedhas
Gozag
Kikubaaqudgha
Okawaru
Qazlal
Ru
Sif Muna
Trog
Uskayaw
Vehumet
Wu Jian
Xom
Yredelemnul
Zin
The Shining One

Shops:
D:9 :

Annotations:
D:12 Nessos


Innate Abilities, Weirdness & Mutations

You are immune to sickness and miasma.
Your stone body is resilient. (AC +8)
You are immune to poison.
You resist negative energy. (rN+)
You are resistant to electric shocks. (rElec)
You are resistant to unholy torment.
You are immune to petrification.


Message History

The deep elf zephyrmancer is moderately wounded.
The deep elf zephyrmancer points at you and mumbles some strange words.
The bolt of lightning hits you. You resist.
You hear a shout!
You hear a howl!
You hit the deep elf zephyrmancer.
The deep elf zephyrmancer is heavily wounded.
You block the deep elf zephyrmancer's attack.
A cyclops comes into view.
The deep elf zephyrmancer gestures at you while chanting.
The bolt of lightning misses you.
The bolt of lightning hits the orc wizard!!
The orc wizard dies!
You hit the deep elf zephyrmancer.
The deep elf zephyrmancer is heavily wounded.
Nessos shoots an arrow.
The arrow hits you but does no damage.
Unknown command.
Nessos intently looks at you, slowly moving their tail.
Nessos casts a spell.
Nessos blinks!
The deep elf zephyrmancer hits you but does no damage.
The boulder beetle curls into a ball and begins rolling!
The deep elf zephyrmancer points at you and mumbles some strange words.
The bolt of lightning hits you. You resist.
Nessos shoots an arrow.
The arrow hits you!
* * * LOW HITPOINT WARNING * * *
The arrow burns you!
* * * LOW HITPOINT WARNING * * *
An eight-headed hydra comes into view.
The eight-headed hydra roars!
The deep elf zephyrmancer attacks as it pursues you!
The deep elf zephyrmancer closely misses you.
A howler monkey comes into view.
Blink to where?
Press: ? - help, Dir - move target An acid dragon comes into view.
As you read the scroll of blinking, it crumbles to dust.
The acid dragon roars!
The acid dragon spits acid at you. The splash of acid hits you!
You die...

#...#..#°....#
.#
#...#..B.°CD...
..#
#..##.cW#####..
#.. #..#e####..
#..
#####...##D....
..
#..............
..
................
#.
##........###.##
#. #......@.# ..
#.####.
#####.####
#....<. .h.
#..##.# ###.
##^##.. #......
#...### #.#.#..
# #.... #....


You could see a deep elf zephyrmancer, an acid dragon (catching breath) and a
howler monkey.

Vanquished Creatures
  A centaur warrior (D:9)
  A boulder beetle (D:12)
  A two-headed ogre (D:12)
  A skeletal warrior (D:12)
  Pikel (D:9)
  A deep elf pyromancer (D:9)
  A cyclops (D:8)
  3 manticores
  An ugly thing (D:11)
  Jeremiah (D:9)
  A gargoyle (D:12)
  4 unseen horrors (D:11)
  3 trolls
  Grinder (D:5)
  A hornet (D:9)
  2 slime creatures (D:9)
  2 wyverns (D:8)
  2 wraiths
  13 yaks
  2 vampires
  2 steam dragons
  A vampire mosquito (D:12)
  Menkaure (Ossuary)
  2 acid dragons
  6 water moccasins
  2 orc warriors
  5 ice beasts
  4 black bears
  An ogre (D:7)
  3 lemures (D:9)
  3 kobold brigands
  2 phantoms (D:11)
  6 bullfrogs
  3 gnoll sergeants
  2 wights (D:9)
  2 crimson imps (D:9)
  4 howler monkeys
  3 centaur zombies (Ossuary)
  6 orc priests
  A gnoll bouda (D:9)
  3 sleepcaps
  4 hounds
  A jelly (D:5)
  An iguana (D:4)
  Terence (D:2)
  10 orc wizards
  2 ogre zombies (Ossuary)
  6 mummies (Ossuary)
  21 gnolls
  9 adders
  9 river rats (D:8)
  5 adder zombies (Ossuary)
  A dart slug (D:5)
  33 orcs
  7 endoplasms
  4 giant cockroaches
  6 goblins
  10 hobgoblins
  4 jackals (D:3)
  15 kobolds
  10 quokkas
  8 ball pythons
  14 bats
  4 frilled lizards
  2 goblin zombies (Ossuary)
  4 hobgoblin zombies (Ossuary)
  3 kobold zombies (Ossuary)
  6 quokka zombies (Ossuary)
  17 rats
  5 rat zombies (Ossuary)
327 creatures vanquished.

Vanquished Creatures (others)
  2 orc wizards
  A giant cockroach (D:4)
3 creatures vanquished.

Grand Total: 330 creatures vanquished

Notes
Turn   | Place    | Note
-------+----------+-------------------------------------------
     0 | D:1      | BinkBink the Gargoyle Monk began the quest for the Orb.
     0 | D:1      | Reached XP level 1. HP: 14/14 MP: 1/1
   134 | D:1      | Reached XP level 2. HP: 19/19 MP: 2/2
   782 | D:1      | Reached XP level 3. HP: 17/24 MP: 3/3
   894 | D:2      | Identified the ring "Riclodi" {Ice rElec Str+3 Dex+3}
  1389 | D:2      | Reached skill level 4 in Fighting
  1399 | D:2      | Reached XP level 4. HP: 13/29 MP: 4/4
  1605 | D:2      | Noticed Terence
  1616 | D:2      | Killed Terence
  1681 | D:2      | Found a blossoming altar of Fedhas.
  1917 | D:2      | Found a faded altar of an unknown god.
  2007 | D:3      | Reached XP level 5. HP: 34/34 MP: 5/5
  2320 | D:3      | Found a glowing silver altar of Zin.
  3031 | D:4      | Noticed a black bear
  3045 | D:4      | Killed a black bear
  3046 | D:4      | Reached skill level 5 in Fighting
  3046 | D:4      | Reached XP level 6. HP: 38/40 MP: 6/6
  3217 | D:4      | Found a bloodstained altar of Trog.
  3286 | D:4      | Found an ornate altar of the Wu Jian Council.
  3396 | D:4      | Noticed a steam dragon
  3402 | D:4      | Killed a steam dragon
  3403 | D:4      | Reached skill level 5 in Maces & Flails
  3403 | D:4      | Reached XP level 7. HP: 34/45 MP: 7/7
  3498 | D:5      | Entered Level 5 of the Dungeon
  3517 | D:5      | Reached skill level 1 in Armour
  3555 | D:5      | Noticed a troll
  3574 | D:5      | Killed a troll
  3575 | D:5      | Reached skill level 6 in Fighting
  3691 | D:5      | Found a broken altar of Ashenzari.
  3719 | D:5      | Noticed Grinder
  3735 | D:5      | Killed Grinder
  3736 | D:5      | Reached XP level 8. HP: 45/52 MP: 8/8
  3994 | D:5      | Found a blossoming altar of Fedhas.
  4251 | D:5      | Reached skill level 5 in Dodging
  4622 | D:5      | Reached skill level 1 in Shields
  4798 | D:6      | Reached skill level 7 in Fighting
  4909 | D:6      | Found a staircase to the Ecumenical Temple.
  4929 | Temple   | Entered the Ecumenical Temple
  4977 | D:6      | Reached XP level 9. HP: 57/57 MP: 9/9
  5256 | D:7      | Found a sand-covered staircase.
  5262 | Ossuary  | Entered an ossuary
  5466 | Ossuary  | Noticed Menkaure
  5478 | Ossuary  | Killed Menkaure
  5511 | Ossuary  | Reached skill level 5 in Armour
  5828 | D:7      | Found an iron altar of Okawaru.
  5893 | D:7      | Found a glowing golden altar of the Shining One.
  5899 | D:7      | Found a stormy altar of Qazlal.
  5973 | D:7      | Reached skill level 8 in Fighting
  5989 | D:7      | Found a shadowy altar of Dithmenos.
  6281 | D:8      | Noticed a manticore
  6289 | D:8      | Killed a manticore
  6290 | D:8      | Reached XP level 10. HP: 62/65 MP: 10/10
  6343 | D:8      | Reached skill level 5 in Shields
  6388 | D:8      | Found a staircase to the Lair.
  7021 | D:8      | Noticed a cyclops
  7043 | D:8      | Killed a cyclops
  7044 | D:8      | Reached skill level 9 in Fighting
  7264 | D:9      | Identified the +0 ring mail "Jaz Luca" {*Slow rPois rN+
                  | Dex+6}
  7293 | D:9      | Noticed a deep elf pyromancer
  7294 | D:9      | Noticed Jeremiah
  7294 | D:9      | Noticed a centaur warrior
  7315 | D:9      | Killed a deep elf pyromancer
  7430 | D:9      | Found Moonul's Book Boutique.
  7600 | D:9      | Noticed Pikel
  7616 | D:9      | Killed Pikel
  7617 | D:9      | Reached XP level 11. HP: 71/71 MP: 11/11
  7646 | D:9      | Killed a centaur warrior
  8055 | D:9      | Killed Jeremiah
  8074 | D:9      | Found a shimmering altar of Xom.
  8214 | D:9      | Found a radiant altar of Vehumet.
  8433 | D:7      | Became a worshipper of the Shining One
  8433 | D:7      | Reached * piety under the Shining One
  8433 | D:7      | Reached ** piety under the Shining One
  8466 | D:10     | Entered Level 10 of the Dungeon
  8689 | D:10     | Reached skill level 10 in Fighting
  9248 | D:11     | Reached skill level 1 in Invocations
  9386 | D:11     | Found a staircase to the Orcish Mines.
  9592 | D:11     | Noticed a manticore
  9607 | D:11     | Killed a manticore
  9810 | D:11     | Noticed a white ugly thing
  9819 | D:11     | Killed a white ugly thing
 10119 | D:12     | Noticed a manticore
 10135 | D:12     | Killed a manticore
 10136 | D:12     | Reached XP level 12. HP: 48/78 MP: 14/14
 10268 | D:12     | Noticed a two-headed ogre
 10301 | D:12     | Killed a two-headed ogre
 10342 | D:12     | Noticed a boulder beetle
 10385 | D:12     | Killed a boulder beetle
 10415 | D:12     | Noticed a boulder beetle
 10417 | D:12     | Noticed Nessos
 10423 | D:12     | Noticed an eight-headed hydra
 10425 | D:12     | Killed from afar by an acid dragon

Illustrated notes

Levels and vault maps discovered:
D:1:      minmay_arrival_four_houses, layout_basic, patterned_corridor
D:2:      layout_basic, shapermc_ecumenical_altar_petra, basic_altar,
          kennysheep_pointless_box, uniq_terence
D:3:      layout_loops_ring, zin_scriptorium, grunt_decor_arrowhead,
          minmay_randomly_rotated_circles
D:4:      cheibrodos_barr_body, layout_rooms, nzn_wu_jian_contemplation,
          bloody_trog
D:5:      layout_loops_corners, fedhas_altar_3, evilmike_ruin_ashenzari,
          nicolae_figureground_sparkle, uniq_grinder
D:6:      layout_rooms, minmay_temple_entry_antechambers
D:7:      layout_rooms, grunt_qazlal_sundering, lemuel_round_altar,
          tso_oasis_becter, nicolae_dithmenos_shadow_blocks,
          nicolae_overflow_hidden_temple, nicolae_ossuary_entry_plus
D:8:      lemuel_ratsnest, layout_loops_ring, due_lair_maze_entry_diamond
D:9:      minmay_curly_fans, layout_loops_ring, led_xom_imps, lemuel_tele_altar,
          serial_shops, shop, roderic_serpentine_path, uniq_pikel, uniq_jeremiah
D:10:     layout_loops_ring
D:11:     layout_roguey, orc_0_dummy, hangedman_batty
D:12:     layout_basic, gauntlet_entry_generic, kennysheep_another_room,
          minmay_pinched_square, uniq_nessos
Temple:   nicolae_temple_bog_church

Skill      XL: |  1  2  3  4  5  6  7  8  9 10 11 12 |
---------------+-------------------------------------+-----
Fighting       | 4 5 6 7 8 9 10 | 10.8
Dodging        | 3 4 5 6 7 8 |  8.1
Maces & Flails | 4 5 6 7 8 9 |  9.8
Armour         | 2 4 5 7 8 9 |  9.0
Shields        | 2 4 6 7 8 |  8.2
Invocations    | 2 3 |  3.8

Action                     |  1- 3 |  4- 6 |  7- 9 | 10-12 || total
---------------------------+-------+-------+-------+-------++-------
  Melee: Mace              |    10 |       |       |       ||    10
         Whip              |    87 |     6 |       |       ||    93
         Flail             |       |   139 |   382 |   753 ||  1274
    Use: Scroll            |       |     4 |     3 |    11 ||    18
   Stab: Sleeping          |       |       |     3 |     2 ||     5
         Distracted        |       |       |       |     1 ||     1
 Armour: Robe              |    48 |    83 |    21 |       ||   152
         Troll leather arm |       |       |   179 |   249 ||   428
         Plate armour      |       |       |       |   297 ||   297
  Dodge: Dodged            |    54 |   115 |   195 |   335 ||   699
  Block: Kite shield       |       |       |   124 |   392 ||   516
         Buckler           |       |       |     5 |       ||     5

Table legend: (Time is in decaauts)
 A = Elapsed time spent in this place.
 B = Non-inter-level travel time spent in this place.
 C = Inter-level travel time spent in this place.
 D = Time resting spent in this place.
 E = Time spent auto-exploring this place.
 F = Levels seen in this place.
 G = Mean time per level.
                   A        B        C        D        E       F      G
               +--------+--------+--------+--------+--------+-----+--------+
         Total |  10563 |   9931 |    632 |    493 |   6676 |  14 |  754.5 |
       Dungeon |  10078 |   9478 |    600 |    491 |   6464 |  12 |  839.8 |
        Temple |     33 |      1 |     32 |      0 |      0 |   1 |   33.0 |
       Ossuary |    450 |    450 |      0 |      2 |    212 |   1 |  450.0 |
               +--------+--------+--------+--------+--------+-----+--------+

Top non-repeatable levels by time:
     D:5: 1233 daAuts
     D:9: 1171 daAuts
     D:2: 1103 daAuts
     D:8: 1044 daAuts
     D:3: 989 daAuts
     D:1: 877 daAuts
    D:11: 837 daAuts
    D:10: 758 daAuts
     D:7: 725 daAuts
     D:4: 547 daAuts
 Ossuary: 450 daAuts
     D:6: 416 daAuts
    D:12: 372 daAuts
  Temple: 33 daAuts
